Map: Роскаллиан РВ

Players

ChangezKhan - Winner!

  • Race: Zerg Zerg
  • League: Gold
  • Spawn Location: 11:00

neXus - Winner!

  • Race: Protoss Protoss
  • League: Silver
  • Spawn Location: 12:00

Nitrate

  • Race: Protoss Protoss
  • League: Gold
  • Spawn Location: 5:00

Вагнер

  • Race: Zerg Zerg
  • Spawn Location: 6:00

VOD

Have the link to the VOD?

Description

Time

  • Played on: Feb. 22, 2026, 12:53 p.m.
  • Length: 11:39
Show
View Real Time Build Order
Export as new Build Order

ChangezKhan Zerg - Winner!

Build Orders: Pool First 

Get SALT Encoding   

  12  0:07  Drone  
  12  0:08  Drone  
  14  0:17  Overlord  
  14  0:36  Drone x2  
  14  0:40  Drone  
  17  0:45  Spawning Pool  
  16  0:51  Drone  
  16  0:53  Extractor  
  16  1:02  Drone  
  17  1:21  Hatchery  
  16  1:25  Drone  
  16  1:26  Drone  
  18  1:34  Drone  
  19  1:42  Queen  
  19  1:46  Drone  
  22  2:01  Metabolic Boost  
  22  2:13  Overlord x2  
  22  2:35  Zergling x6  
  25  2:38  Zergling x2  
  26  2:46  Drone  
  26  2:49  Drone  
  28  2:52  Drone x3  
  28  2:57  Zergling x2  
  32  3:17  Zergling x2  
  32  3:18  Zergling x6  
  36  3:23  Drone  
  37  3:32  Drone x3  
  37  3:33  Drone  
  41  3:36  Queen  
  41  3:37  Overlord  
  43  3:47  Drone  
  44  3:53  Extractor  
  44  3:55  Queen  
  45  4:01  Baneling Nest  
  44  4:05  Drone x4  
  48  4:15  Overlord x2  
  48  4:29  Hatchery  
  46  4:52  Lair  
  46  4:58  Evolution Chamber x2  
  45  5:10  Zergling x16  
  45  5:11  Zergling x2  
  53  5:20  Zergling x10  
  53  5:21  Zergling x2  
  42  5:43  Zergling x4  
  42  5:44  Zergling x4  
  41  5:50  Zergling x2  
  41  5:51  Zergling x2  
  43  6:01  Zerg Melee Weapons Level 1, Zerg Ground Armor Level 1  
  39  6:18  Zergling x8  
  41  6:31  Spine Crawler  
  38  6:33  Spore Crawler  
  38  6:34  Drone x5  
  38  6:35  Drone x3  
  38  6:38  Spore Crawler  
  44  6:41  Spine Crawler  
  44  6:45  Infestation Pit  
  42  6:47  Drone  
  42  6:48  Drone  
  42  7:18  Drone x7  
  42  7:20  Extractor, Queen  
  42  7:22  Extractor, Hatchery  
  48  7:34  Centrifugal Hooks  
  48  7:36  Hive  
  48  7:37  Zergling x8  
  48  7:43  Overlord x2  
  52  7:55  Overlord x2  
  52  8:00  Zerg Melee Weapons Level 2, Zerg Ground Armor Level 2  
  52  8:02  Zergling x8  
  56  8:07  Drone  
  57  8:16  Zergling x4  
  59  8:28  Overseer  
  59  8:30  Overseer  
  59  8:32  Pneumatized Carapace  
  59  8:33  Drone x4  
  63  8:43  Zergling x8  
  63  8:44  Zergling x2  
  63  8:45  Zergling x6  
  71  8:49  Adrenal Glands  
  71  8:55  Drone  
  72  8:56  Drone x4  
  72  8:58  Drone  
  72  8:59  Queen  
  79  9:07  Extractor  
  79  9:09  Hatchery  
  77  9:10  Baneling  
  77  9:11  Baneling x5  
  77  9:12  Zergling x2  
  78  9:20  Drone x4  
  78  9:22  Drone  
  83  9:24  Extractor  
  82  9:48  Zergling x16  
  82  9:51  Overlord  
  90  9:54  Overseer  
  90  10:13  Zergling x16  
  78  11:19  Zergling x4  
  78  11:20  Zergling x2  
Show
View Real Time Build Order
Export as new Build Order

neXus Protoss - Winner!

Build Orders: 1 Gate Expand 

Get SALT Encoding   

  12  0:02  Probe  
  13  0:13  Pylon  
  13  0:18  Probe  
  14  0:32  Gateway, Probe  
  14  0:42  Assimilator, Probe  
  16  0:53  Probe  
  17  0:57  Assimilator  
  17  1:05  Probe  
  18  1:17  Probe  
  19  1:21  Cybernetics Core  
  19  1:43  Nexus  
  19  1:47  Probe  
  20  1:56  Stalker  
  20  2:00  Probe  
  23  2:10  Warp Gate  
  23  2:16  Pylon  
  23  2:34  Probe  
  24  2:40  Stargate  
  24  2:46  Probe  
  25  2:57  Probe  
  25  2:58  Pylon  
  26  3:00  Assimilator  
  26  3:01  Probe  
  27  3:16  Gateway  
  27  3:26  Probe x2  
  33  3:36  Void Ray  
  33  3:44  Shield Battery  
  33  3:46  Probe  
  34  3:55  Pylon  
  34  3:59  Probe  
  34  4:00  Fleet Beacon, Probe  
  36  4:08  Stargate  
  36  4:14  Probe  
  36  4:15  Probe  
  38  4:26  Probe  
  38  4:27  Probe  
  38  4:28  Void Ray  
  44  4:38  Probe  
  45  4:49  Probe  
  46  5:03  Probe x2  
  56  5:09  Assimilator  
  56  5:10  Void Ray  
  56  5:11  Void Ray  
  56  5:22  Probe x2  
  56  5:23  Stalker  
  56  5:24  Stalker  
  56  5:41  Probe x2  
  62  5:53  Void Ray  
  62  5:58  Pylon  
  62  6:16  Probe x2  
  62  6:17  Sentry  
  70  6:22  Void Ray  
  70  6:40  Flux Vanes  
  70  6:46  Forge  
  70  6:50  Stargate  
  70  7:00  Robotics Facility  
  70  7:16  Nexus  
  70  7:20  Pylon  
  70  7:22  Pylon  
  70  7:23  Protoss Shields Level 1  
  70  7:25  Assimilator  
  70  7:29  Assimilator  
  70  7:32  Pylon  
  70  7:38  Probe x2  
  70  7:41  Protoss Air Weapons Level 1  
  70  7:44  Void Ray  
  80  7:46  Void Ray  
  80  7:50  Shield Battery, Probe x2  
  82  7:53  Shield Battery  
  82  7:54  Shield Battery, Photon Cannon  
  86  7:59  Void Ray  
  86  8:02  Probe x2  
  88  8:13  Pylon  
  88  8:14  Probe x2  
  88  8:15  Photon Cannon  
  88  8:17  Photon Cannon  
  90  8:20  Photon Cannon  
  94  8:27  Void Ray  
  94  8:37  Probe  
  94  8:38  Probe  
  96  8:46  Photon Cannon  
  96  8:54  Stargate, Void Ray x2  
  104  8:58  Pylon  
  104  9:04  Cybernetics Core  
  104  9:15  Observer  
  104  9:16  Twilight Council  
  109  9:28  Observer  
  109  9:29  Void Ray  
  109  9:30  Probe x2  
  111  9:36  Photon Cannon  
  116  9:44  Void Ray x2  
  120  9:48  Sentry  
  120  9:49  Sentry  
  124  10:02  Forge  
  124  10:23  Pylon  
  124  10:28  Gateway  
  124  10:43  Stalker x2  
  124  10:44  Void Ray  
  124  11:03  Probe x2  
  124  11:04  Probe  
  133  11:16  Probe  
  131  11:25  Probe x2  
  132  11:35  Unknown  
Show
View Real Time Build Order
Export as new Build Order

Nitrate Protoss 

Build Orders: Blink Stalkers 

Get SALT Encoding   

  12  0:00  Probe  
  13  0:12  Probe  
  14  0:17  Pylon  
  14  0:24  Probe  
  15  0:37  Probe  
  15  0:40  Gateway  
  16  0:47  Assimilator  
  16  0:49  Probe  
  17  1:01  Probe  
  18  1:13  Probe  
  19  1:25  Probe  
  19  1:26  Pylon  
  19  1:28  Cybernetics Core  
  20  1:34  Assimilator  
  20  1:37  Probe  
  21  1:50  Probe  
  22  1:57  Warp Gate  
  22  2:02  Probe  
  23  2:11  Twilight Council  
  23  2:14  Probe  
  24  2:26  Probe  
  25  2:34  Nexus  
  24  2:39  Pylon  
  24  2:40  Blink  
  24  2:42  Stalker  
  26  2:58  Probe  
  27  3:17  Robotics Facility  
  27  3:19  Stalker  
  27  3:25  Probe  
  30  3:35  Gateway  
  30  3:43  Gateway  
  30  3:53  Probe  
  31  3:59  Gateway  
  31  4:05  Observer  
  31  4:08  Stalker  
  34  4:11  Probe x2  
  36  4:25  Probe x2  
  36  4:28  Assimilator  
  38  4:37  Probe  
  38  4:38  Probe  
  40  4:50  Stalker x2  
  40  4:51  Stalker  
  46  4:52  Pylon  
  46  5:00  Stalker  
  46  5:01  Probe x2  
  46  5:06  Assimilator  
  50  5:10  Pylon  
  50  5:16  Pylon  
  50  5:36  Stalker  
  50  5:37  Stalker x3  
  38  6:27  Stalker x2  
  38  6:28  Stalker x2  
  38  6:30  Probe x2  
  46  6:42  Probe x2  
  48  6:54  Probe x2  
  48  7:05  Zealot  
  48  7:06  Zealot x3, Probe  
  48  7:07  Probe  
  56  7:18  Probe  
  56  7:19  Probe  
  58  7:27  Stalker x4  
  66  7:30  Probe  
  67  7:42  Forge  
  67  7:44  Forge  
  67  7:51  Gateway  
  67  7:52  Gateway  
  67  7:53  Pylon  
  67  8:01  Nexus  
  67  8:02  Probe  
  67  8:03  Probe  
  69  8:14  Probe  
  69  8:16  Warp Prism  
  69  8:19  Pylon  
  72  8:21  Stalker x3  
  72  8:22  Stalker  
  72  8:25  Charge  
  79  8:34  Protoss Ground Weapons Level 1  
  79  8:35  Pylon  
  79  8:37  Protoss Ground Armor Level 1  
  79  8:49  Templar Archives  
  79  8:50  Gateway, Probe x2  
  81  9:01  Zealot x3  
  81  9:02  Zealot, Probe  
  90  9:03  Probe  
  91  9:15  Probe  
  91  9:16  Probe x2  
  94  9:19  Psionic Storm  
  94  9:26  Gateway  
  94  9:30  Pylon  
  94  9:32  High Templar x4  
  94  9:38  Probe x3  
  104  9:40  Assimilator  
  104  9:44  Assimilator  
  105  9:50  Probe x3  
  108  10:00  Stargate  
  108  10:02  Probe  
  109  10:08  Probe x2  
  111  10:25  Nexus  
  111  10:29  Pylon  
  111  10:38  Zealot x3  
  95  11:13  Fleet Beacon  
  95  11:19  Stargate  
  95  11:20  Stargate, Pylon  
  95  11:21  Stargate  
Show
View Real Time Build Order
Export as new Build Order

Вагнер Zerg 

Build Orders: Pool First 

Get SALT Encoding   

  12  0:01  Drone  
  13  0:09  Drone  
  14  0:17  Extractor, Drone  
  15  0:23  Overlord  
  15  0:41  Extractor  
  14  0:44  Drone  
  14  0:45  Spawning Pool  
  14  0:48  Drone  
  15  0:53  Drone  
  15  0:56  Drone  
  17  1:06  Drone  
  18  1:16  Overlord  
  18  1:34  Roach Warren, Drone  
  18  1:39  Queen  
  20  2:05  Hatchery  
  19  2:09  Zergling x2  
  19  2:10  Zergling x2  
  19  2:13  Zergling x2  
  22  2:24  Lair  
  22  2:30  Roach  
  22  2:37  Drone  
  25  2:43  Metabolic Boost  
  25  2:47  Drone  
  26  2:54  Roach  
  28  2:59  Extractor, Drone  
  28  3:05  Overlord  
  26  3:27  Roach x2  
  26  3:28  Roach x2  
  26  3:33  Drone  
  34  3:46  Glial Reconstitution  
  34  3:53  Drone x2  
  36  3:58  Queen  
  38  4:07  Overseer  
  38  4:12  Spore Crawler  
  38  4:14  Drone  
  38  4:16  Drone  
  39  4:20  Drone  
  40  4:25  Roach  
  42  4:35  Infestation Pit  
  41  4:44  Roach  
  43  4:55  Drone  
  43  4:57  Overlord  
  43  4:59  Overlord  
  44  5:01  Extractor  
  41  5:23  Roach x4  
  49  5:32  Roach x2  
  53  5:36  Roach x2  
  53  5:37  Roach  
  47  5:56  Drone x3  
  50  5:59  Hive  
  50  6:05  Drone x2  
  50  6:09  Drone  
  41  6:45  Hydralisk Den  
  40  6:50  Extractor, Drone x4  
  40  6:53  Overlord x2  
  43  7:02  Spire, Roach x3  
  43  7:03  Roach x2  
  52  7:16  Drone x3  
  52  7:18  Drone x2  
  57  7:29  Evolution Chamber  
  56  7:30  Drone  
  56  7:31  Evolution Chamber  
  56  7:33  Grooved Spines  
  56  7:38  Hydralisk  
  58  7:44  Drone  
  58  7:45  Drone  
  58  7:50  Drone x2  
  62  7:52  Drone  
  62  7:57  Zerg Missile Weapons Level 1  
  63  8:07  Hydralisk x2  
  67  8:14  Overlord  
  67  8:22  Greater Spire  
  67  8:29  Overlord  
  67  8:37  Drone x3  
  67  8:39  Mutalisk  
  67  8:40  Mutalisk x2  
  76  8:44  Overlord  
  76  8:49  Hydralisk  
  76  8:53  Muscular Augments  
  76  8:55  Mutalisk  
  78  8:58  Mutalisk  
  78  9:02  Overlord  
  82  9:12  Mutalisk  
  84  9:24  Mutalisk  
  84  9:25  Mutalisk  
  84  9:28  Hydralisk  
  90  9:34  Zergling x2  
  90  9:36  Hatchery  
  90  9:41  Corruptor  
  90  9:43  Corruptor  
  94  9:45  Corruptor  
  94  9:52  Hydralisk  
  96  9:53  Zergling x2  
  99  10:10  Ultralisk Cavern  
  99  10:13  Mutalisk  
  100  10:15  Overlord  
  100  10:16  Overlord  
  100  10:48  Roach x3  
  100  10:49  Roach x3  
  112  10:52  Zergling x4  
  110  11:04  Mutalisk x2  
Tags
 
Add a new tag
Caveats
  • Supply blocks, unpowered buildings, or Contaminate may cause inaccurate times.
  • Supply counts are checked every 10 seconds.